 Dungeon Crawl Stone Soup version 0.29.0-11-gd7f09526c8 (webtiles) character file.

Game seed: 12590605187162567588

37 Esekla the Firebug (level 3, 0/22 HPs)
             Began as a Deep Elf Cinder Acolyte on Sept 5, 2022.
             Was a High Priest of Ignis.
             Slain by an orc
             ... wielding a +0 flail
              (1 damage)
             ... on level 2 of the Dungeon.
             The game lasted 00:05:26 (2504 turns).

Esekla the Firebug (Deep Elf Cinder Acolyte)        Turns: 2504, Time: 00:05:27

Health: 0/22       AC:  2    Str: 17    XL:     3   Next: 21%
Magic:  6/8        EV: 11    Int: 20    God:    Ignis [*****.]
Gold:   80         SH:  0    Dex: 10    Spells: 5/7 levels left

rFire   + . .      SeeInvis .   a - -1 falchion (flame)
rCold   . . .      Faith    .   (no shield)
rNeg    . . .      Spirit   .   b - +0 robe
rPois   .          Reflect  .   (no helmet)
rElec   .          Harm     .   (no cloak)
rCorr   .          Rampage  .   (no gloves)
Will    .....                   (no boots)
Stlth   +.........              (no amulet)
HPRegen 0.07/turn               c - +6 ring of strength
MPRegen 0.11/turn               (no ring)

@: no status effects
A: no striking features
a: Renounce Religion, Fiery Armour, Foxfire Swarm, Rising Flame


You were on level 2 of the Dungeon.
You worshipped Ignis.
Ignis was extremely pleased with you.
You visited 1 branch of the dungeon, and saw 3 of its levels.

You collected 80 gold pieces.

Inventory:

Hand Weapons
 a - a -1 falchion of flaming (weapon)
 f - a +0 spear
Missiles
 j - 2 poisoned darts (quivered)
Armour
 b - a +0 robe (worn)
Jewellery
 c - a +6 ring of strength (left hand)
Scrolls
 d - 2 scrolls of blinking {unknown}
 g - a scroll of teleportation {unknown}
 h - 2 scrolls of identify {unknown}
 i - a scroll of amnesia {unknown}
 l - a scroll of fog {unknown}
 m - a scroll of poison {unknown}
Potions
 e - a potion of lignification {unknown}
 k - a potion of curing {unknown}
 n - a potion of brilliance {unknown}
 o - a potion of flight {unknown}


   Skills:
 - Level 2.4 Fighting
 + Level 2.9 Long Blades
 * Level 1.1 Dodging
 * Level 1.2 Stealth
 * Level 2.5 Spellcasting
 + Level 3.7 Fire Magic


You had 5 spell levels left.
You knew the following spells:

 Your Spells              Type           Power      Damage    Failure   Level
o - Scorch                Fire           34%        2d7       4%          2

Your spell library contained the following spells:

 Spells                   Type           Power      Damage    Failure   Level


Dungeon Overview and Level Annotations

Branches:
Dungeon (3/15)

Altars:

Shops:
D:2 (


Message History

(D) Dungeon
Where to? (Enter - D:2, ? - help)
There is a stone staircase leading down here.
You climb downwards.
The orc shouts! x2; The hobgoblin shouts!
You hear an angry hiss.
There is a stone staircase leading up here.
There are monsters nearby!
An orc priest comes into view. It is wielding a +0 flail.
Casting: Scorch (safe; 4% risk of failure)
Confirm with . or Enter, or press ? or * to list all spells.
Flames lash the orc.
You kill the orc!
The orc priest shouts!
You hear a shout!
The orc priest invokes the aid of Beogh against you.
Pain shoots through your body!
Ouch! That really hurt!
An orc comes into view. It is wielding a +0 club.
You climb upwards.
There is a stone staircase leading down here.
You start resting.
Magic restored.
You start resting.
HP restored.
You climb downwards.
The orc priest invokes the aid of Beogh against you.
Beogh smites you!
Ouch! That really hurt!
The orc barely misses you.
You hear an angry hiss.
There is a stone staircase leading up here.
The orc hits you but does no damage. The orc hits you with a +0 flail!
* * * LOW HITPOINT WARNING * * *
You climb upwards.
There is a stone staircase leading down here.
Casting: Scorch (safe; 4% risk of failure)
Confirm with . or Enter, or press ? or * to list all spells.
Flames lash the orc.
You kill the orc!
The orc hits you with a +0 flail.
You die...

# #.# #.# #....# # #.#
#.###.##.# ## #.#
###.....##.# .## #.#
#..........# ..### #.#
#.#.###.#### ..."# #.####
#.#.# #.# ..#.# #....#
#.#.###.#
..#.#########.####.#...#.#
#.#.............@..#.#.#.#
...............)o..(.#.#.#
#.###########.########.#.#
...# ########.########.#.#
##.# #...................#
#.###.###################
#.##...######
#<..........#
#.##...####.#


You could see an orc.

Vanquished Creatures
  A worm (D:2)
  2 dart slugs (D:2)
  2 orcs
  2 ball pythons
  3 endoplasms (D:2)
  A giant cockroach (D:2)
  A hobgoblin (D:1)
  3 jackals (D:1)
  2 quokkas
  3 bats
  3 frilled lizards (D:2)
  3 kobolds
  2 rats
28 creatures vanquished.

Notes
Turn   | Place    | Note
-------+----------+-------------------------------------------
     0 | D:1      | Esekla the Deep Elf Cinder Acolyte began the quest for the
                  | Orb.
     0 | D:1      | Reached XP level 1. HP: 13/13 MP: 5/5
   363 | D:1      | Found a faded altar of an unknown god.
   660 | D:1      | Reached XP level 2. HP: 7/18 MP: 6/6
   867 | D:1      | Learned a level 2 spell: Scorch
  1106 | D:2      | Reached skill level 1 in Stealth
  1229 | D:2      | Reached skill level 1 in Dodging
  1687 | D:2      | Reached XP level 3. HP: 19/22 MP: 8/8
  2211 | D:2      | Found Kevax's Antique Weapon Shop.
  2502 | D:3      | HP: 1/22 [orc/+0 flail (9)]
  2504 | D:2      | Slain by an orc

Illustrated notes

Levels and vault maps discovered:
D:1:      psy_arrival_conway, layout_basic, hellmonk_ecumenical_altar_blasted
D:2:      layout_loops_ring, serial_shops, nicolae_shop_trees
D:3:      layout_loops_ring, mainiacjoe_overflow_catwalk,
          chequers_decorated_corner, minmay_lizard_king, uniq_sigmund,
          uniq_terence

Skill      XL: |  1  2 |
---------------+-------+-----
Spellcasting   | 2 |  2.5
Stealth        | 1 |  1.2
Dodging        | 1 |  1.1
Fighting       | |  2.4
Long Blades    | |  2.9
Fire Magic     | |  3.7

Action                   || total
-------------------------++-------
Melee: Falchion          ||    38
 Cast: Scorch            ||    21
Armor: Robe              ||     9
Dodge: Dodged            ||    24
